 Dungeon Crawl Stone Soup version 0.17.0-24-gcfadda4 (webtiles) character file.

196 Raultor the Insei (level 5, -7/33 HPs)
             Began as an Octopode Transmuter on Nov 17, 2015.
             Mangled by an orc
             ... wielding a +2 trident of venom
              (9 damage)
             ... on level 3 of the Dungeon.
             The game lasted 00:05:48 (3353 turns).

Raultor the Insei (Octopode Transmuter)             Turns: 3353, Time: 00:05:49

Health: -7/33      AC:  1    Str: 10    XL:     5   Next: 74%
Magic:  8/8        EV: 12    Int: 15    God:
Gold:   155        SH:  0    Dex: 13    Spells: 2 memorised, 4 levels left

rFire  . . .     SeeInvis .       - Unarmed
rCold  . . .     Clarity  .     (no shield)
rNeg   . . .     SustAt   .     (helmet restricted)
rPois  .         Gourm    .     (no amulet)
rElec  .         Spirit   .     (no ring)
rCorr  .         Warding  .     (no ring)
rMut   .         Stasis   .     (no ring)
MR     .....                    (no ring)
Stlth  ++........               (no ring)
                                (no ring)
                                (no ring)
                                (no ring)

@: lethally poisoned (-7 -> -14), not resistant to hostile enchantments,
unstealthy
A: almost no armour, amphibious, 8 rings, constrict 8, camouflage 1, gelatinous
body 1
a: no special abilities


You were on level 3 of the Dungeon.
You were not hungry.

You visited 1 branch of the dungeon, and saw 3 of its levels.

You collected 155 gold pieces.

Inventory:

Missiles
 a - 12 arrows
Scrolls
 e - 3 scrolls of identify {unknown}
 f - 2 scrolls of magic mapping {unknown}
 k - a scroll of enchant armour {unknown}
 l - a scroll of blinking {unknown}
 n - 3 scrolls of teleportation {unknown}
 p - a scroll of recharging {unknown}
 q - 2 scrolls of remove curse {unknown}
Potions
 d - 4 potions of curing {unknown}
 h - 2 potions of haste {unknown}
 m - a potion of brilliance {unknown}
 o - 2 potions of ambrosia {unknown}
Books
 b - a book of Changes

   Spells                             Type                      Level
   a - Beastly Appendage              Transmutation                1
   b - Sticks to Snakes               Transmutation                2
   c - Spider Form                    Transmutation/Poison         3
   d - Ice Form                       Ice/Transmutation            4
   e - Blade Hands                    Transmutation                5
Comestibles
 c - 5 bread rations
 g - a meat ration
 i - 2 beef jerkies
 j - 2 chunks of flesh


   Skills:
 - Level 1.4 Fighting
 - Level 2.5 Dodging
 + Level 4.7 Unarmed Combat
 - Level 2.2 Spellcasting
 * Level 3.1 Transmutations
 * Level 1.9 Poison Magic


You had 4 spell levels left.
You knew the following spells:

 Your Spells              Type           Power        Failure   Level  Hunger
a - Beastly Appendage     Trmt           ##....       8%          1    #......
b - Spider Form           Trmt/Pois      #.........   24%         3    ###....


Dungeon Overview and Level Annotations

Branches:
Dungeon (3/15)

Altars:
Ru


Innate Abilities, Weirdness & Mutations

You cannot wear most types of armour.
You are amphibious.
You can wear up to eight rings at the same time.
You can use your tentacles to constrict eight enemies at once.
Your skin changes colour to match your surroundings (Stealth).
Your rubbery body absorbs attacks (AC +1).


Message History

Things that are here:
a trident; 2 steel tomahawks; a bat corpse
Things that are here:
a dagger; a leather armour The orc hits you with a trident of venom!
You are poisoned.
Things that are here:
a dagger; a leather armour You tentacle-slap the orc but do no damage.
You grab the orc. You constrict the orc.
You feel sick.
The orc hits you with a trident of venom!
* * * LOW HITPOINT WARNING * * *
You tentacle-slap the orc but do no damage.
You squeeze the orc.
The orc is moderately wounded.
You constrict the orc.
* * * LOW HITPOINT WARNING * * *
You feel sick.
The orc hits you with a trident of venom!
You die...

#.# ## #.## .. #.. #.
#.. #. #.# #.
####.#### #.
#......o######### #.
#.##o##.#.......# ##.
#. #@## #.......###.#
#. #..# #...†...##.#.
#. ##.# #.......#.###
#.###.#.#.......##.#.
#...>...#.......###.#
##.######.......# #.#
#.# ######.####.# #.#
#.......#.# #.#
#.##.##.#.#


You could see an orc.

Vanquished Creatures
  A centaur skeleton (D:3)
  8 adders
  An ooze (D:1)
  3 worms (D:3)
  2 giant geckos
  7 orcs (D:3)
  2 ball pythons
  5 goblins
  7 hobgoblins
  6 jackals
  2 quokkas (D:2)
  6 bats
  4 giant cockroaches
  7 giant newts
  10 kobolds
  4 rats
75 creatures vanquished.

Notes
Turn   | Place    | Note
--------------------------------------------------------------
     0 | D:1      | Raultor the Octopode Transmuter began the quest for the Orb.
     0 | D:1      | Reached XP level 1. HP: 13/13 MP: 3/3
   152 | D:1      | Reached XP level 2. HP: 18/18 MP: 5/5
   565 | D:1      | Reached XP level 3. HP: 20/23 MP: 6/6
  1615 | D:2      | Reached skill level 4 in Unarmed Combat
  1615 | D:2      | Reached XP level 4. HP: 24/28 MP: 7/7
  1623 | D:2      | Learned a level 3 spell: Spider Form
  2091 | D:3      | Found a sacrificial altar of Ru.
  2122 | D:3      | Reached skill level 1 in Poison Magic
  2383 | D:3      | Reached XP level 5. HP: 20/33 MP: 6/8
  3353 | D:3      | Mangled by an orc

Action                   |  1- 3 |  4- 6 || total
-------------------------+-------+-------++-------
Melee: Unarmed           |    88 |   113 ||   201
 Cast: Beastly Appendage |       |     3 ||     3
 Stab: Sleeping          |     9 |     6 ||    15
       Distracted        |     2 |       ||     2
  Eat: Chunk             |     2 |     6 ||     8
